AoeStats
← [SPK]Rogan?

Black Forest

505803398Analyzed
2v2 RM · 22d ago on Sep 11, 2026· 47m 18s· 4 players
Game mode
Random Map
Map size
Medium (4 player)
Population
200
Speed
Normal
Resources
Standard
Victory
Conquest
Starting age
Dark Age
Ending age
Imperial Age
RankedLock teamsTeams togetherTeam positionsShared explorationLock speedFull tech treeHidden civsTurbo modeCheats
Victory
Defeat
🇨🇦 Hindustanis · Canada
1231
+16
🇨🇦 Jurchens · Canada
1144
+19
🇵🇪 Inca · Peru
1243
-18
🇵🇪 Mongols · Peru
1210
-17
[SPK]Rogan?
11:49 Feudal Age
11:13 Loom
13:21 Double-Bit Axe
13:33 Horse Collar
16:05 Castle Age
17:08 Bow Saw
17:30 Heavy Plow
20:58 Wheelbarrow
20:42 Gold Mining
20:44 Fishing Lines
21:40 Gillnets
22:54 Fletching
23:57 Stone Mining
25:37 Gold Shaft Mining
25:27 Hand Cart
30:13 Imperial Age
27:58 Forging
28:25 Scale Barding Armor
28:43 Ballistics
28:50 Husbandry
29:01 Bloodlines
29:27 Iron Casting
30:01 Chain Barding Armor
29:46 Bodkin Arrow
30:03 Masonry
30:06 Grand Trunk Road
29:52 Light Cavalry
30:31 Murder Holes
30:47 Fortified Wall
30:26 Heavy Camel Rider
32:10 Chemistry
31:37 Conscription
31:29 Caravan
32:51 Blast Furnace
32:57 Two-Man Saw
33:04 Plate Barding Armor
32:29 Imperial Camel Rider
33:41 Padded Archer Armor
33:43 Murder Holes
34:03 Hussar
37:38 Leather Archer Armor
37:24 Bracer
37:55 Thumb Ring
39:01 Ring Archer Armor
39:53 Hoardings
39:26 Siege Engineers
39:17 Murder Holes
40:29 Shatagni
42:25 Elite Ghulam
45:33 Scale Mail Armor
47:14 Chain Mail Armor
[SPK]ClayTime
0:45 Loom
14:05 Feudal Age
15:12 Double-Bit Axe
20:28 Fletching
24:13 Castle Age
22:09 Horse Collar
22:23 Gold Mining
22:25 Stone Mining
23:02 Scale Barding Armor
23:08 Forging
26:15 Bloodlines
26:06 Husbandry
26:27 Fishing Lines
28:33 Gillnets
28:57 Fortified Wall
28:28 Treadmill Crane
30:34 Bow Saw
31:33 Gold Shaft Mining
31:04 Town Watch
32:59 Wheelbarrow
36:42 Imperial Age
35:20 Hand Cart
35:05 Town Patrol
35:49 Iron Casting
36:34 Bodkin Arrow
38:52 Fortified Bastions
40:01 Elite Iron Pagoda
41:03 Conscription
42:32 Blast Furnace
41:52 Chain Barding Armor
42:37 Caravan
43:49 Siege Engineers
44:45 Chemistry
43:33 Light Cavalry
47:20 Thunderclap Bombs
lgp1991
8:56 Loom
10:49 Feudal Age
17:18 Horse Collar
20:01 Castle Age
18:12 Double-Bit Axe
19:45 Gold Mining
21:57 Bow Saw
21:48 Town Watch
23:21 Wheelbarrow
22:48 Fletching
22:46 Fishing Lines
23:28 Crossbowman
25:17 Bodkin Arrow
25:24 Gillnets
26:20 Hand Cart
32:02 Imperial Age
29:45 Bloodlines
29:36 Husbandry
31:03 Gold Shaft Mining
30:59 Ballistics
31:27 Fortified Wall
32:17 Town Patrol
32:22 Padded Archer Armor
32:33 Forging
32:42 Heavy Plow
32:23 Capped Ram
34:20 Chemistry
33:26 Bracer
33:59 Conscription
33:36 Stone Mining
34:53 Leather Archer Armor
36:02 Iron Casting
35:41 Siege Ram
35:56 Elite Mangudai
36:09 Pikeman
36:50 Squires
36:35 Arson
42:12 Light Cavalry
43:38 Hoardings
44:10 Iron Casting
43:35 Scale Mail Armor
43:57 Elite Skirmisher
44:42 Thumb Ring
dime
3:49 Loom
21:37 Feudal Age
22:01 Horse Collar
22:07 Double-Bit Axe
22:12 Gold Mining
22:13 Stone Mining
22:12 Double-Bit Axe
22:23 Gold Mining
22:24 Stone Mining
22:17 Champi Runner
26:25 Forging
26:58 Fishing Lines
29:42 Castle Age
33:47 Imperial Age
30:43 Champi Warrior
32:13 Heavy Plow
32:27 Bow Saw
32:18 Heavy Plow
32:32 Squires
33:34 Arson
34:37 Gold Shaft Mining
34:38 Stone Shaft Mining
34:41 Wheelbarrow
33:52 Town Watch
33:49 Capped Ram
34:20 Elite Champi Warrior
35:21 Scale Mail Armor
37:25 Chain Mail Armor
38:11 Iron Casting
37:18 Pikeman
38:49 Plate Mail Armor
41:00 Halberdier
45:03 Town Watch
45:44 Siege Ram
Connection lost

Rejoining the realm…

Still unreachable

The connection could not be restored.

Session expired

The server has moved on; the page needs a fresh start.